 Dungeon Crawl Stone Soup version 0.31-a0-145-g046c7d2549 (webtiles) character file.

Game seed: 17359312324421816237

1465 qw the Skirmisher (level 8, -2/71 HPs)
             Began as a Minotaur Hunter on June 7, 2023.
             Was an Initiate of Okawaru.
             Slain by a yak (14 damage)
             ... on level 6 of the Dungeon.
             The game lasted 00:01:56 (4240 turns).

qw the Skirmisher (Minotaur Hunter)                 Turns: 4240, Time: 00:01:57

Health: -2/71      AC:  9    Str: 17    XL:     8   Next: 48%
Magic:  7/7        EV: 17    Int:  6    God:    Okawaru [......]
Gold:   315        SH:  0    Dex: 15    Spells: 7/7 levels left

rFire   . . .        f - +0 orcbow
rCold   . . .        (shield currently unavailable)
rNeg    + . .        h - +0 ring mail
rPois   .            (helmet restricted)
rElec   .            j - +0 cloak
rCorr   .            i - +0 pair of gloves
SInv    .            b - +0 pair of boots
Will    .....        (no amulet)
Stlth   +            c - ring of positive energy
HPRegen 0.31/turn    a - +5 ring of evasion
MPRegen 0.10/turn

%: no passive effects
@: no status effects
A: horns 2, retaliatory headbutt
a: Renounce Religion


You were on level 6 of the Dungeon.
You worshipped Okawaru.
Okawaru was noncommittal.
You visited 2 branches of the dungeon, and saw 7 of its levels.

You collected 315 gold pieces.


Innate Abilities, Weirdness & Mutations

You have a pair of horns on your head.
You reflexively headbutt those who attack you in melee.


   Skills:
 + Level 6.3 Fighting
 - Level 10.0 Ranged Weapons
 - Level 3.6 Armour
 - Level 3.9 Dodging
 - Level 0.7 Stealth


You had 7 spell levels left.
You didn't know any spells.
Your spell library was empty.

Inventory:

Hand Weapons
 f - a +0 orcbow (weapon)
Armour
 b - a +0 pair of boots (worn)
 h - a +0 ring mail (worn)
 i - a +0 pair of gloves (worn)
 j - a +0 cloak (worn)
Jewellery
 a - a +5 ring of evasion (right hand)
 c - a ring of positive energy (left hand)
Scrolls
 g - 2 scrolls of identify
Potions
 e - a potion of curing
 k - a potion of invisibility {unknown}
 l - a potion of mutation

Dungeon Overview and Level Annotations

Branches:
Dungeon (6/15)             Temple (1/1) D:5

Altars:
Cheibriados
Dithmenos
Elyvilon
Fedhas
Hepliaklqana
Kikubaaqudgha
Makhleb
Nemelex Xobeh
Okawaru
Qazlal
Ru
Trog
Uskayaw
Vehumet
Wu Jian
Xom
Yredelemnul
Zin
The Shining One


Message History

The arrow hits the yak but does no damage.
The yak is heavily wounded.
The yak gores you! The yak barely misses you. The yak closely misses you.
You furiously retaliate!
You headbutt the yak. You shoot an arrow.
The arrow hits the yak but does no damage.
The yak is heavily wounded.
The yak gores you but does no damage. The yak barely misses you.
You furiously retaliate!
You headbutt the yak. The yak misses you.
You shoot an arrow. The arrow hits the yak.
The yak is severely wounded.
The yak misses you. x2; The yak gores you but does no damage.
You shoot an arrow. The arrow barely misses the yak.
The yak gores you but does no damage. The yak gores you.
The yak gores you but does no damage.
You shoot an arrow. The arrow hits the yak.
The yak is severely wounded.
The yak closely misses you. The yak barely misses you. x2
You furiously retaliate!
You headbutt the yak. You shoot an arrow. The arrow closely misses the yak.
The yak gores you. The yak misses you. The yak barely misses you.
You furiously retaliate!
You headbutt the yak.
4236 ||| DRINKING potion of heal wounds.
You feel much better. The yak gores you but does no damage. The yak gores you!
The yak gores you.
You shoot an arrow. The arrow hits the yak.
You kill the yak!
Okawaru accepts your kill. The yak completely misses you. The yak misses you.
Your Ranged Weapons skill increases to level 10!
You shoot an arrow. The arrow hits the yak!
The yak is heavily wounded.
The yak gores you. The yak closely misses you.
You shoot an arrow. The arrow closely misses the yak.
The yak gores you. The yak gores you but does no damage. The yak misses you.
The yak closely misses you.
You shoot an arrow. The arrow hits the yak!
The yak is almost dead.
The yak gores you. The yak gores you!
You die...

##
###.###########
.......$.......
......Y.%......
#... #Y@#
#..%##..#
........+
........#
...###..#
#####+#####..###
............)..#
........%......#
#
###..##.########


You could see 2 yaks.

Vanquished Creatures
  Sigmund (D:4)
  2 yaks (D:6)
  Menkaure (D:5)
  A black bear (D:5)
  An ogre (D:5)
  2 phantoms
  A centaur (D:6)
  A scorpion (D:6)
  4 hounds
  A jelly (D:5)
  2 orc wizards (D:4)
  An iguana (D:5)
  Robin (D:4)
  3 gnolls (D:3)
  A river rat (D:5)
  7 adders
  A white imp (D:5)
  A dart slug (D:1)
  2 orcs
  5 endoplasms
  4 giant cockroaches
  10 hobgoblins
  2 jackals (D:2)
  9 kobolds
  A quokka (D:5)
  8 ball pythons
  3 bats
  A frilled lizard (D:2)
  16 goblins
  12 rats
105 creatures vanquished.

Vanquished Creatures (others)
  An orc wizard (D:4)
1 creature vanquished.

Grand Total: 106 creatures vanquished

Notes
Turn   | Place    | Note
-------+----------+-------------------------------------------
     0 | D:1      | qw the Minotaur Hunter began the quest for the Orb.
     0 | D:1      | Reached XP level 1. HP: 18/18 MP: 0/0
     0 | D:1      | 0 ||| qw: Version: 0.2-a-117-gc6b5c8b
     0 | D:1      | 0 ||| qw: Game counter: 2542
     0 | D:1      | 0 ||| qw: Always use a shield: true
     0 | D:1      | 0 ||| qw: God list: Okawaru
     0 | D:1      | 0 ||| qw: Allow faded altars: false
     0 | D:1      | 0 ||| qw: Do Orc after D:15 true
     0 | D:1      | 0 ||| qw: Do second Lair branch before Depths: true
     0 | D:1      | 0 ||| qw: Lair rune preference: random
     0 | D:1      | 0 ||| qw: Plans: Normal
     0 | D:1      | 0 ||| PLANNING D:1-11
    56 | D:1      | 56 ||| Stepping ~*~*~tactically~*~*~ (outnumbered).
   180 | D:1      | Reached XP level 2. HP: 25/25 MP: 1/1
   182 | D:1      | Reached skill level 5 in Ranged Weapons
   473 | D:1      | Reached skill level 3 in Fighting
   570 | D:1      | 570 ||| UPGRADING to +0 ring mail.
   580 | D:1      | 580 ||| DROPPING +0 leather armour.
   581 | D:1      | 581 ||| READING scroll labelled PIAPRO TIDU.
   582 | D:1      | 582 ||| READING scroll labelled MOWECA UKOY.
   583 | D:1      | 583 ||| READING scroll labelled NOCSUZ KAOGETO.
   588 | D:1      | 588 ||| READING 2 scrolls labelled IKHOSE JO TUTS.
   589 | D:1      | 589 ||| READING scroll labelled IRHADW FIREAZYFEE.
   590 | D:1      | 590 ||| DROPPING scroll of butterflies.
   718 | D:2      | Reached skill level 1 in Armour
   721 | D:2      | Reached XP level 3. HP: 31/31 MP: 2/2
  1424 | D:2      | 1424 ||| UPGRADING to +0 pair of boots.
  1429 | D:2      | 1429 ||| UPGRADING to ring of positive energy.
  1430 | D:2      | 1430 ||| READING 2 scrolls labelled CAHAGETWUA.
  1431 | D:2      | 1431 ||| DROPPING scroll of blinking.
  1470 | D:3      | 1470 ||| STAIRDANCE
  1647 | D:3      | Reached XP level 4. HP: 38/38 MP: 3/3
  1655 | D:3      | Reached skill level 6 in Ranged Weapons
  1714 | D:3      | Found a faded altar of an unknown god.
  2117 | D:3      | 2117 ||| UPGRADING to +5 ring of evasion.
  2118 | D:3      | 2118 ||| READING 2 scrolls labelled KOMEAMN ESTRYD.
  2119 | D:3      | 2119 ||| DRINKING 2 black potions.
  2120 | D:3      | 2120 ||| DRINKING 2 sapphire potions.
  2121 | D:3      | 2121 ||| DROPPING scroll of amnesia.
  2328 | D:4      | Reached XP level 5. HP: 40/46 MP: 4/4
  2331 | D:4      | 2331 ||| FLEEEEING.
  2332 | D:4      | 2332 ||| FLEEEEING.
  2443 | D:4      | Reached skill level 7 in Ranged Weapons
  2595 | D:4      | Noticed Robin
  2610 | D:4      | Killed Robin
  2637 | D:4      | Reached XP level 6. HP: 46/52 MP: 5/5
  2637 | D:4      | 2637 ||| FLEEEEING.
  2638 | D:4      | 2638 ||| FLEEEEING.
  2639 | D:4      | 2639 ||| FLEEEEING.
  2708 | D:4      | Noticed Sigmund
  2717 | D:4      | Killed Sigmund
  2718 | D:4      | Reached skill level 8 in Ranged Weapons
  2930 | D:4      | 2930 ||| UPGRADING to +0 cloak.
  2935 | D:4      | 2935 ||| READING scroll labelled JUM QODINUTA.
  2936 | D:4      | 2936 ||| READING scroll labelled HEBEOTEKHE.
  2937 | D:4      | 2937 ||| READING scroll labelled XUTUV ECKI.
  2938 | D:4      | 2938 ||| READING 4 scrolls of identify.
  2938 | D:4      | 2938 ||| IDENTIFYING metallic amethyst potion
  2966 | D:5      | Entered Level 5 of the Dungeon
  2967 | D:5      | 2967 ||| PLANNING SEWER
  2986 | D:5      | Reached XP level 7. HP: 59/59 MP: 6/6
  3306 | D:5      | Reached skill level 9 in Ranged Weapons
  3646 | D:5      | Found a glowing drain.
  3653 | D:5      | 3653 ||| UPGRADING to +0 pair of gloves.
  3658 | D:5      | 3658 ||| DROPPING ring of magical power.
  3659 | D:5      | 3659 ||| READING scroll labelled VEIS CETUG.
  3660 | D:5      | 3660 ||| READING scroll labelled ARO PAVIUV.
  3661 | D:5      | 3661 ||| READING 3 scrolls of identify.
  3661 | D:5      | 3661 ||| IDENTIFYING fizzy yellow potion
  3662 | D:5      | 3662 ||| DROPPING potion of ambrosia.
  3755 | D:5      | 3755 ||| STAIRDANCE
  3759 | D:5      | 3759 ||| STAIRDANCE
  3763 | D:5      | 3763 ||| STAIRDANCE
  3767 | D:5      | 3767 ||| RIP SEWER
  3767 | D:5      | 3767 ||| PLANNING D:1-11
  3792 | D:5      | Noticed Menkaure
  3804 | D:5      | Killed Menkaure
  3805 | D:5      | Reached skill level 3 in Dodging
  3914 | D:5      | Found a staircase to the Ecumenical Temple.
  3915 | D:5      | 3915 ||| PLANNING TEMPLE
  3920 | Temple   | Entered the Ecumenical Temple
  3920 | Temple   | Found a transporter.
  3920 | Temple   | Found a transporter.
  3922 | Temple   | Found a transporter.
  3922 | Temple   | Found a transporter.
  3932 | Temple   | 3932 ||| PLANNING D:1-11
  3947 | Temple   | 3947 ||| PLANNING OKAWARU WORSHIP
  3950 | Temple   | Became a worshipper of Warmaster Okawaru
  3950 | Temple   | 3950 ||| PLANNING D:1-11
  4069 | D:6      | Reached skill level 3 in Armour
  4069 | D:6      | Reached XP level 8. HP: 63/68 MP: 7/7
  4177 | D:6      | 4177 ||| SWAPPING to +0 orcbow.
  4178 | D:6      | 4178 ||| DROPPING +1 shortbow.
  4212 | D:6      | Reached skill level 6 in Fighting
  4227 | D:6      | HP: 11/71 [yak (10)]
  4228 | D:6      | 4228 ||| DRINKING 2 potions of heal wounds.
  4235 | D:6      | HP: 16/71 [yak (3)]
  4236 | D:6      | 4236 ||| DRINKING potion of heal wounds.
  4238 | D:6      | Reached skill level 10 in Ranged Weapons
  4240 | D:6      | HP: 12/71 [yak (3)]
  4240 | D:6      | Slain by a yak

Levels and vault maps discovered:
D:1:      dpeg_arrival_chambers_temple_mockup, layout_rooms, nrook_mini_vaults,
          minmay_misc_feat_four_crosses
D:2:      layout_loops_corners, minmay_misc_feat_square, minmay_box_of_dots
D:3:      layout_loops_cross, basic_ecumenical_altar, kennysheep_flooded_box,
          chequers_serial_rivers_marsh
D:4:      layout_loops_ring, uniq_robin, uniq_sigmund
D:5:      layout_basic, minmay_temple_entry_fiery, gup_sewer_entry_bubbles,
          kennysheep_donut, uniq_menkaure
D:6:      layout_gridville, ashenzari_conservatory_becter, minivault_14,
          minivault_22
Temple:   hellmonk_temple_divided_pantheon

Skill      XL: |  1  2  3  4  5  6  7  8 |
---------------+-------------------------+-----
Ranged Weapons | 5 6 7 8 9 10 | 10.0
Fighting       | 3 4 5 6 |  6.3
Armour         | 1 2 3 |  3.6
Dodging        | 3 |  3.9
Stealth        | |  0.7

Action                     |  1- 3 |  4- 6 |  7- 9 || total
---------------------------+-------+-------+-------++-------
   Fire: Shortbow          |    88 |   113 |    98 ||   299
         Orcbow            |       |       |    31 ||    31
    Use: Scroll            |     6 |     5 |     3 ||    14
         Potion            |       |     2 |     2 ||     4
 Armour: Ring mail         |    11 |    14 |    22 ||    47
  Dodge: Dodged            |    24 |    36 |    79 ||   139

Table legend:
 A = Non-vault XP
 B = Vault XP
 C = Vault XP percentage of total XP
 D = Non-vault monster count
 E = Vault monster count
 F = Vault count percentage of total count
                 A         B        C        D         E       F
            +---------+---------+-------+---------+---------+-------
      Total |    1613 |     480 |  22.9 |      82 |      24 |  22.6
            +---------+---------+-------+---------+---------+-------
        D:1 |      32 |       0 |   0.0 |      19 |       0 |   0.0
        D:2 |      29 |       8 |  21.6 |      19 |       5 |  20.8
        D:3 |     114 |       0 |   0.0 |      15 |       0 |   0.0
        D:4 |     206 |     274 |  57.1 |      12 |      12 |  50.0
        D:5 |     478 |     198 |  29.3 |      10 |       7 |  41.2
        D:6 |     754 |       0 |   0.0 |       7 |       0 |   0.0
            +---------+---------+-------+---------+---------+-------
